 Dungeon Crawl Stone Soup version 0.30-a0-141-g30f27751c5 (webtiles) character file.

Game seed: 4382753254460610897

145 qw the Chopper (level 5, -12/32 HPs)
             Began as a Gargoyle Fighter on Sept 25, 2022.
             Killed by divine providence
             ... invoked by an orc priest
              (15 damage)
             ... on level 4 of the Dungeon.
             The game lasted 00:01:25 (3674 turns).

qw the Chopper (Gargoyle Fighter)                   Turns: 3674, Time: 00:01:26

Health: -12/32     AC: 14    Str: 22    XL:     5   Next: 27%
Magic:  5/5        EV:  7    Int:  8    God:
Gold:   108        SH:  4    Dex:  9    Spells: 4/4 levels left

rFire   . . .      SeeInvis .    Y - +2 war axe
rCold   . . .      Faith    .    c - +0 buckler
rNeg    + . .      Spirit   .    l - +0 chain mail
rPois   inf        Reflect  .    i - +0 helmet
rElec   +          Harm     .    (no cloak)
rCorr   .          Rampage  .    (no gloves)
Will    .....                    (no boots)
Stlth   ..........               (no amulet)
HPRegen 0.10/turn                (no ring)
MPRegen 0.09/turn                (no ring)

@: no status effects
A: sickness immunity, AC +4, negative energy resistance 1, electricity
resistance, torment resistance 1, petrification resistance
a: no special abilities


You were on level 4 of the Dungeon.
You visited 1 branch of the dungeon, and saw 4 of its levels.

You collected 108 gold pieces.


Innate Abilities, Weirdness & Mutations

You are immune to sickness and miasma.
Your stone body is resilient. (AC +4)
You are immune to poison.
You resist negative energy. (rN+)
You are resistant to electric shocks. (rElec)
You are resistant to unholy torment.
You are immune to petrification.


   Skills:
 - Level 3.2 Fighting
 + Level 4.8 Axes
 - Level 3.2 Armour
 - Level 3.2 Shields


You had 4 spell levels left.
You didn't know any spells.
Your spell library was empty.

Inventory:

Hand Weapons
 g - a +0 flail
 Y - a +2 war axe (weapon)
Armour
 c - a +0 buckler (worn)
 i - a +0 helmet (worn)
 l - a +0 chain mail (worn)
Scrolls
 a - a scroll of identify
 h - a scroll of teleportation
Potions
 d - a potion of might
 e - a potion of attraction
 f - a potion of mutation {unknown}
 j - a potion of brilliance {unknown}
 k - a potion of invisibility {unknown}
 q - a potion of flight {unknown}

Dungeon Overview and Level Annotations

Branches:
Dungeon (4/15)             Temple (0/1) D:4

Altars:
Nemelex Xobeh
Xom


Message History

3653 ||| FLEEEEING.
3656 ||| FLEEEEING.
3657 ||| FLEEEEING.
3658 ||| FLEEEEING.
Things that are here:
a wand of acid (7); a +0 short sword You see here a ball python skeleton.
An orc priest comes into view. It is wielding a +0 trident.
3665 ||| Stepping ~*~*~tactically~*~*~ (hiding).
The orc priest hits you from afar with a +0 trident.
The orc priest closely misses you.
You barely miss the orc priest.
The orc priest hits you but does no damage.
You closely miss the orc priest.
The orc priest hits you but does no damage.
You closely miss the orc priest.
The orc priest hits you but does no damage.
You slash the orc priest!
The orc priest is almost dead.
The orc priest hits you with a +0 trident.
The orc priest mumbles some strange prayers to Beogh against you.
Pain shoots through your body!
You hit the orc priest.
The orc priest is almost dead.
You hit the ogre.
The orc priest mumbles some strange prayers to Beogh against you.
Pain shoots through your body! The ogre hits you but does no damage.
You closely miss the orc priest.
The orc priest is almost dead.
You hit the ogre.
The orc priest hits you but does no damage.
The ogre barely misses you.
You hit the orc priest but do no damage.
The orc priest is almost dead.
You hit the ogre.
The orc priest invokes the aid of Beogh against you.
Beogh smites you!
The orc priest calls down the wrath of Beogh upon you.
Beogh smites you!
You die...

****,,* ***#.##.#/# #.# #.#
* **,*****
#.##.#O###.######.# *
*,,,,,* #.##..............#
* *****,**
#.##..####.######## * *,,*
#.#..## #.#....# *
*#,*##...## #.#.##.###
##.##...#######.#.##....
*******
#.$....O......).#.######
,,,,,,***#...#>.@#########.#
,,,,,,,,.........o.........#
,,,,,,,,.~~~~~.......####..#
,,,,,,,~~~~~~~~~.....# #..#
,,,,,~~~~~~~~~~~~~...# #..#
,,,,~~~~~~...~~~~~~..# #..#
,,,,~~~~~~.>.~~~~~~..# #..#
,**,~~~~~~...~~~~~~.## #..#
,**,~~~~~~~.~~~~~~~.#
#..#*****


You could see an ogre and an orc priest.

Vanquished Creatures
  An iguana (D:4)
  Robin (D:2)
  An adder (D:2)
  2 worms
  2 dart slugs (D:1)
  4 orcs
  7 endoplasms
  6 giant cockroaches
  15 goblins
  7 hobgoblins
  6 kobolds
  2 quokkas
  9 ball pythons
  3 bats
  6 frilled lizards
  5 rats
77 creatures vanquished.

Notes
Turn   | Place    | Note
-------+----------+-------------------------------------------
     0 | D:1      | qw the Gargoyle Fighter began the quest for the Orb.
     0 | D:1      | Reached XP level 1. HP: 14/14 MP: 1/1
     0 | D:1      | 0 ||| qw: Version: 0.2-a-10-g399e6c4
     0 | D:1      | 0 ||| qw: Game counter: 184
     0 | D:1      | 0 ||| qw: Always use a shield: true
     0 | D:1      | 0 ||| qw: God list: Okawaru
     0 | D:1      | 0 ||| qw: Allow faded altars: false
     0 | D:1      | 0 ||| qw: Do Orc after D:15 true
     0 | D:1      | 0 ||| qw: Do second Lair branch before Depths: true
     0 | D:1      | 0 ||| qw: Lair rune preference: random
     0 | D:1      | 0 ||| qw: Plans: Normal, Zot:1-4, God:TSO, Crypt, Tomb,
                  | Pan, Slime:5, Hells, Abyss, Orb
     0 | D:1      | 0 ||| PLANNING D:1-11
    58 | D:1      | Reached skill level 2 in Axes
    69 | D:1      | 69 ||| Stepping ~*~*~tactically~*~*~ (stealth).
    74 | D:1      | 74 ||| Stepping ~*~*~tactically~*~*~ (stealth).
    75 | D:1      | 75 ||| Stepping ~*~*~tactically~*~*~ (stealth).
   196 | D:1      | Reached XP level 2. HP: 19/19 MP: 2/2
   333 | D:1      | 333 ||| Stepping ~*~*~tactically~*~*~ (hiding).
   338 | D:1      | 338 ||| Stepping ~*~*~tactically~*~*~ (hiding).
   350 | D:1      | 350 ||| DROPPING +0 club.
   415 | D:1      | Reached skill level 3 in Axes
   436 | D:1      | 436 ||| Stepping ~*~*~tactically~*~*~ (hiding).
   443 | D:1      | Reached XP level 3. HP: 21/23 MP: 3/3
   560 | D:1      | 560 ||| Stepping ~*~*~tactically~*~*~ (stealth).
   846 | D:1      | Found a faded altar of an unknown god.
   892 | D:1      | 892 ||| UPGRADING to +0 helmet.
   897 | D:1      | 897 ||| READING 2 scrolls labelled AVAOHOKHLO.
   898 | D:1      | 898 ||| READING scroll labelled XUHAPU BUAGEFA.
   899 | D:1      | 899 ||| READING scroll labelled MERPHOA HAYROUX.
  1147 | D:2      | Found a sparkling altar of Nemelex Xobeh.
  1382 | D:2      | 1382 ||| Stepping ~*~*~tactically~*~*~ (stealth).
  1385 | D:2      | 1385 ||| Stepping ~*~*~tactically~*~*~ (stealth).
  1394 | D:2      | 1394 ||| Stepping ~*~*~tactically~*~*~ (stealth).
  1409 | D:2      | Noticed Robin
  1410 | D:2      | 1410 ||| Stepping ~*~*~tactically~*~*~ (stealth).
  1422 | D:2      | Killed Robin
  1423 | D:2      | Reached XP level 4. HP: 15/28 MP: 4/4
  1890 | D:2      | Reached skill level 4 in Axes
  2051 | D:2      | 2051 ||| DROPPING +1 hat.
  2052 | D:2      | 2052 ||| READING scroll labelled GOTAUR USEH.
  2053 | D:2      | 2053 ||| READING scroll labelled JANAYX DEAWUWN.
  2054 | D:2      | 2054 ||| READING 2 scrolls labelled PACLUUCAEJ.
  2055 | D:2      | 2055 ||| READING scroll labelled QYMUETZ ZOGA.
  2056 | D:2      | 2056 ||| READING scroll labelled TONO COATOAL.
  2057 | D:2      | 2057 ||| DRINKING 2 fizzy yellow potions.
  2162 | D:2      | 2162 ||| DROPPING scroll of blinking.
  2163 | D:2      | 2163 ||| DROPPING potion of berserk rage.
  2244 | D:3      | 2244 ||| Stepping ~*~*~tactically~*~*~ (stealth).
  2384 | D:3      | 2384 ||| Stepping ~*~*~tactically~*~*~ (stealth).
  2483 | D:3      | 2483 ||| DROPPING +0 whip.
  2562 | D:3      | Found a shimmering altar of Xom.
  2564 | D:3      | Found a shimmering altar of Xom.
  2567 | D:3      | Found a shimmering altar of Xom.
  2568 | D:3      | Found a shimmering altar of Xom.
  2569 | D:3      | Found a shimmering altar of Xom.
  2570 | D:3      | Found a shimmering altar of Xom.
  2571 | D:3      | Found a shimmering altar of Xom.
  2599 | D:3      | 2599 ||| Stepping ~*~*~tactically~*~*~ (stealth).
  2600 | D:3      | 2600 ||| Stepping ~*~*~tactically~*~*~ (stealth).
  2611 | D:3      | 2611 ||| Stepping ~*~*~tactically~*~*~ (stealth).
  3093 | D:3      | 3093 ||| UPGRADING to +0 chain mail.
  3103 | D:3      | 3103 ||| DROPPING +0 scale mail.
  3104 | D:3      | 3104 ||| READING scroll labelled CEOLLO XITEU.
  3249 | D:4      | 3249 ||| READING scroll of enchant weapon.
  3249 | D:4      | 3249 ||| ENCHANTING +1 war axe.
  3332 | D:4      | Reached XP level 5. HP: 26/32 MP: 5/5
  3426 | D:4      | Found a staircase to the Ecumenical Temple.
  3427 | D:4      | 3427 ||| PLANNING TEMPLE
  3427 | D:4      | 3427 ||| READING scroll labelled UPSIUPL UCUNE.
  3428 | D:4      | 3428 ||| READING 2 scrolls of identify.
  3428 | D:4      | 3428 ||| IDENTIFYING bubbling cyan potion
  3432 | D:4      | 3432 ||| FLEEEEING.
  3433 | D:4      | 3433 ||| FLEEEEING.
  3434 | D:4      | 3434 ||| FLEEEEING.
  3447 | D:4      | 3447 ||| FLEEEEING.
  3448 | D:4      | 3448 ||| FLEEEEING.
  3449 | D:4      | 3449 ||| FLEEEEING.
  3450 | D:4      | 3450 ||| FLEEEEING.
  3451 | D:4      | 3451 ||| FLEEEEING.
  3452 | D:4      | Noticed an ogre
  3453 | D:4      | 3453 ||| FLEEEEING.
  3454 | D:4      | 3454 ||| Stepping ~*~*~tactically~*~*~ (hiding).
  3463 | D:4      | 3463 ||| FLEEEEING.
  3464 | D:4      | 3464 ||| FLEEEEING.
  3465 | D:4      | 3465 ||| FLEEEEING.
  3466 | D:4      | 3466 ||| FLEEEEING.
  3467 | D:4      | 3467 ||| FLEEEEING.
  3468 | D:4      | 3468 ||| FLEEEEING.
  3469 | D:4      | 3469 ||| FLEEEEING.
  3470 | D:4      | 3470 ||| FLEEEEING.
  3471 | D:4      | 3471 ||| FLEEEEING.
  3472 | D:4      | 3472 ||| FLEEEEING.
  3473 | D:4      | 3473 ||| FLEEEEING.
  3474 | D:4      | 3474 ||| FLEEEEING.
  3475 | D:4      | 3475 ||| FLEEEEING.
  3476 | D:4      | 3476 ||| FLEEEEING.
  3478 | D:4      | 3478 ||| STAIRDANCE
  3643 | D:4      | 3643 ||| STAIRDANCE
  3648 | D:4      | 3648 ||| FLEEEEING.
  3653 | D:4      | 3653 ||| FLEEEEING.
  3656 | D:4      | 3656 ||| FLEEEEING.
  3657 | D:4      | 3657 ||| FLEEEEING.
  3658 | D:4      | 3658 ||| FLEEEEING.
  3665 | D:4      | 3665 ||| Stepping ~*~*~tactically~*~*~ (hiding).
  3674 | D:4      | HP: 3/32 [orc priest/divine providence (12)]
  3674 | D:4      | Killed from afar by an orc priest

Levels and vault maps discovered:
D:1:      psy_arrival_basics, layout_loops_cross,
          dilly_ecumenical_altar_fadedgnrine
D:2:      layout_basic, basic_altar, uniq_robin
D:3:      layout_basic, xom_redecorated
D:4:      layout_basic, temple_pool_b

Skill      XL: |  1  2  3  4 |
---------------+-------------+-----
Axes           | 2 3 4 |  4.8
Fighting       | |  3.2
Armour         | |  3.2
Shields        | |  3.2

Action                   |  1- 3 |  4- 6 || total
-------------------------+-------+-------++-------
Melee: War axe           |   117 |    94 ||   211
  Use: Scroll            |     3 |     9 ||    12
       Potion            |       |     1 ||     1
Armor: Scale mail        |    75 |    16 ||    91
       Chain mail        |       |    15 ||    15
Dodge: Dodged            |    30 |    33 ||    63
Block: Buckler           |    32 |    10 ||    42

Table legend:
 A = Non-vault XP
 B = Vault XP
 C = Vault XP percentage of total XP
 D = Non-vault monster count
 E = Vault monster count
 F = Vault count percentage of total count
                 A         B        C        D         E       F
            +---------+---------+-------+---------+---------+-------
      Total |     174 |      34 |  16.3 |      66 |      11 |  14.3
            +---------+---------+-------+---------+---------+-------
        D:1 |      42 |       0 |   0.0 |      22 |       0 |   0.0
        D:2 |      36 |      34 |  48.6 |      14 |      11 |  44.0
        D:3 |      45 |       0 |   0.0 |      24 |       0 |   0.0
        D:4 |      51 |       0 |   0.0 |       6 |       0 |   0.0
            +---------+---------+-------+---------+---------+-------
